AoeStats
← coolbeans

Glade

510580985Analyzed
1v1 RM · 15h ago on Oct 1, 2026· 69m 39s· 2 players
Game mode
Random Map
Map size
Tiny (2 player)
Population
200
Speed
Normal
Resources
Standard
Victory
Conquest
Starting age
Dark Age
Ending age
Imperial Age
RankedLock teamsTeams togetherTeam positionsShared explorationLock speedFull tech treeHidden civsTurbo modeCheats
Victory
Defeat
🇩🇪 Varangians · Germany
1158
+16
🇸🇪 Persians · Sweden
1167
-16
coolbeans
7:46 Loom
10:52 Feudal Age
15:15 Double-Bit Axe
27:18 Castle Age
40:31 Bow Saw
47:11 Imperial Age
47:14 Scale Barding Armor
49:50 Conscription
51:30 Two-Man Saw
51:51 Squires
51:37 Arson
53:49 Scale Mail Armor
54:00 Forging
55:39 Chain Mail Armor
61:03 Plate Mail Armor
67:03 Forging
GenGaiusMarius
6:19 Loom
17:56 Feudal Age
18:43 Double-Bit Axe
21:41 Wheelbarrow
22:08 Stone Mining
26:51 Gold Mining
33:08 Castle Age
33:54 Hand Cart
35:28 Bow Saw
41:50 Fletching
44:18 Bodkin Arrow
47:42 Kamandaran
49:03 Murder Holes
49:29 Ballistics
49:14 Horse Collar
54:22 Imperial Age
53:04 Padded Archer Armor
53:15 Forging
53:25 Heavy Plow
54:04 Gold Shaft Mining
53:20 Crossbowman
57:59 Guilds
58:32 Iron Casting
58:13 Leather Archer Armor
59:08 Hand Cart
59:33 Crop Rotation
60:10 Two-Man Saw
60:05 Thumb Ring
61:06 Blast Furnace
63:28 Chemistry
62:42 Masonry
64:14 Ring Archer Armor
65:48 Scale Mail Armor
Connection lost

Rejoining the realm…

Still unreachable

The connection could not be restored.

Session expired

The server has moved on; the page needs a fresh start.